 Dungeon Crawl Stone Soup version 0.31-a0-200-gbc41564c69 (webtiles) character file.

Game seed: 4802250508811765241

96 qw the Shooter (level 4, -5/25 HPs)
             Began as a Deep Elf Hunter on June 25, 2023.
             Slain by a worm (8 damage)
             ... on level 3 of the Dungeon.
             The game lasted 00:00:52 (1928 turns).

qw the Shooter (Deep Elf Hunter)                    Turns: 1928, Time: 00:00:52

Health: -5/25      AC:  5    Str: 10      XL:     4   Next: 41%
Magic:  6/6        EV: 11    Int: 14      God:
Gold:   105        SH:  5    Dex: 17 (18) Spells: 3/3 levels left

rFire   . . .        Y - +0 shortbow (heavy)
rCold   . . .        (shield currently unavailable)
rNeg    . . .        b - +0 ring mail
rPois   .            (no helmet)
rElec   .            (no cloak)
rCorr   .            (no gloves)
SInv    .            (no boots)
Will    .....        h - amulet of reflection
Stlth   +            (no ring)
HPRegen 0.24/turn    (no ring)
MPRegen 0.10/turn

%: reflection
@: no status effects
A: no striking features
a: no special abilities


You were on level 3 of the Dungeon.
You visited 1 branch of the dungeon, and saw 3 of its levels.

You collected 105 gold pieces.


   Skills:
 - Level 1.5 Fighting
 + Level 7.8 Ranged Weapons
 - Level 2.4 Dodging
 - Level 1.2 Stealth


You had 3 spell levels left.
You didn't know any spells.
Your spell library was empty.

Inventory:

Hand Weapons
 Y - a +0 heavy shortbow (weapon)
Armour
 b - a +0 ring mail (worn)
Jewellery
 h - an amulet of reflection (around neck)
Scrolls
 c - a scroll of acquirement {unknown}
 f - a scroll of vulnerability {unknown}
Potions
 a - a potion of cancellation {unknown}
 d - a potion of ambrosia {unknown}
 e - a potion of might {unknown}

Dungeon Overview and Level Annotations

Branches:
Dungeon (3/15)

Altars:


Message History

Enter note:
Enter note:
Enter note:
Enter note:
Enter note: You shoot an arrow.
The arrow hits the giant cockroach.
The giant cockroach is severely wounded.
You shoot an arrow.
The arrow hits the giant cockroach but does no damage.
The giant cockroach is severely wounded.
You shoot an arrow. The arrow hits the giant cockroach.
You kill the giant cockroach!
A worm comes into view.
Enter note:
Enter note:
Enter note:
Enter note:
Enter note:
Enter note:
Enter note:
Enter note:
Enter note: You shoot an arrow.
The arrow hits the worm!
The worm is almost dead.
The worm bites you.
You shoot an arrow. The arrow hits the worm.
The worm is almost dead.
The worm barely misses you.
You shoot an arrow. The arrow barely misses the worm.
The worm bites you!
You shoot an arrow. The arrow hits the worm.
The worm is almost dead.
The worm bites you!
You shoot an arrow.
The arrow hits the worm but does no damage.
The worm is severely wounded.
The worm bites you but does no damage.
You shoot an arrow. The arrow barely misses the worm.
The worm bites you!
You die...

#.##.# ########.#.# #.##.###
#.#.# #.##... #.#.# #.##..#
#. #.#.## #.##..# #.##..#.##
#.##..# #.##.##...
#######.##..#######.###.#.##
................##...###....
#######.###@.##.#.....##...#
#...w................#
#..#######......###..# #..#
#.#...## #... ##.# #.##>##
##.. #.# #....######.. #.#
#............ #.
#.#######..). #.#######.#
#.##.


You could see a worm.

Vanquished Creatures
  3 adders
  2 worms
  A dart slug (D:2)
  5 ball pythons
  7 endoplasms
  3 giant cockroaches
  2 goblins
  4 hobgoblins
  2 jackals (D:3)
  11 bats
  7 frilled lizards
  7 kobolds
  4 rats
58 creatures vanquished.

Notes
Turn   | Place    | Note
-------+----------+-------------------------------------------
     0 | D:1      | qw the Deep Elf Hunter began the quest for the Orb.
     0 | D:1      | Reached XP level 1. HP: 12/12 MP: 3/3
     0 | D:1      | 0 ||| qw: Version: 0.3-a-22-g0ed2b0b
     0 | D:1      | 0 ||| qw: Game counter: 5494
     0 | D:1      | 0 ||| qw: Melee chars always use a shield: true
     0 | D:1      | 0 ||| qw: God list: Okawaru
     0 | D:1      | 0 ||| qw: Allow faded altars: false
     0 | D:1      | 0 ||| qw: Do Orc after clearing Dungeon:15 true
     0 | D:1      | 0 ||| qw: Do second Lair branch before Depths: true
     0 | D:1      | 0 ||| qw: Lair rune preference: random
     0 | D:1      | 0 ||| qw: Goals: Normal
     0 | D:1      | 0 ||| PLANNING D:1-11
   151 | D:1      | Reached XP level 2. HP: 16/16 MP: 4/4
   192 | D:1      | Reached skill level 6 in Ranged Weapons
   366 | D:1      | Found a faded altar of an unknown god.
   407 | D:1      | 407 ||| UPGRADING to amulet of reflection.
   412 | D:1      | 412 ||| READING scroll labelled YGHEEZUCWUO.
   413 | D:1      | 413 ||| READING scroll labelled XANNU XIYWN.
   625 | D:1      | 625 ||| DRINKING 2 viscous pink potions.
   626 | D:1      | 626 ||| DROPPING scroll of butterflies.
   627 | D:1      | 627 ||| DROPPING potion of degeneration.
   666 | D:2      | Reached XP level 3. HP: 20/20 MP: 5/5
   818 | D:2      | Reached skill level 7 in Ranged Weapons
  1298 | D:2      | 1298 ||| UPGRADING to +0 ring mail.
  1308 | D:2      | 1308 ||| DROPPING +0 leather armour.
  1309 | D:2      | 1309 ||| DROPPING ring of magical power.
  1310 | D:2      | 1310 ||| READING 2 scrolls labelled PIET FERAQOZ.
  1311 | D:2      | 1311 ||| READING scroll labelled VUXA BAVUTE.
  1312 | D:2      | 1312 ||| READING scroll labelled CEQICH FAHA.
  1313 | D:2      | 1313 ||| DRINKING 2 emerald potions.
  1314 | D:2      | 1314 ||| DROPPING scroll of revelation.
  1315 | D:2      | 1315 ||| DROPPING potion of magic.
  1432 | D:3      | Reached XP level 4. HP: 18/25 MP: 6/6
  1926 | D:3      | HP: 2/25 [worm (10)]
  1928 | D:3      | Slain by a worm

Levels and vault maps discovered:
D:1:      dpeg_arrival_prison, layout_rooms,
          dreamdust_ecumenical_altar_sealed_demon
D:2:      layout_loops_cross
D:3:      layout_loops_ring

Skill      XL: |  1  2  3 |
---------------+----------+-----
Ranged Weapons | 6 7 |  7.8
Fighting       | |  1.5
Dodging        | |  2.4
Stealth        | |  1.2

Action                     |  1- 3 |  4- 6 || total
---------------------------+-------+-------++-------
   Fire: Shortbow          |   130 |    32 ||   162
    Use: Scroll            |     5 |       ||     5
         Potion            |     2 |       ||     2
 Armour: Leather armour    |    10 |       ||    10
         Ring mail         |     6 |     3 ||     9
  Dodge: Dodged            |    36 |     4 ||    40
  Block: Other             |    11 |       ||    11

Table legend:
 A = Non-vault XP
 B = Vault XP
 C = Vault XP percentage of total XP
 D = Non-vault monster count
 E = Vault monster count
 F = Vault count percentage of total count
                 A         B        C        D         E       F
            +---------+---------+-------+---------+---------+-------
      Total |     135 |       3 |   2.2 |      56 |       2 |   3.4
            +---------+---------+-------+---------+---------+-------
        D:1 |      37 |       3 |   7.5 |      25 |       2 |   7.4
        D:2 |      36 |       0 |   0.0 |      12 |       0 |   0.0
        D:3 |      62 |       0 |   0.0 |      19 |       0 |   0.0
            +---------+---------+-------+---------+---------+-------
